Map: Simulacrum LE

Players

BAdhAbBitS - Winner!

  • Race: Terran Terran
  • League: Platinum
  • Spawn Location: 11:00

ViBE

  • Race: Terran Terran
  • League: Diamond
  • Spawn Location: 5:00

VOD

Have the link to the VOD?

Description

Time

  • Played on: Dec. 23, 2019, 5:03 a.m.
  • Length: 9:44
Show
View Real Time Build Order
Export as new Build Order

BAdhAbBitS Terran - Winner!

Build Orders:  

Get SALT Encoding   

  12  0:00  SCV  
  13  0:13  SCV  
  14  0:17  Supply Depot  
  14  0:25  SCV  
  15  0:28  Refinery  
  15  0:38  SCV  
  16  0:45  Barracks  
  16  0:50  SCV  
  17  1:03  SCV  
  18  1:15  SCV  
  19  1:32  Reaper, Orbital Command  
  20  1:47  Command Center  
  20  1:59  Factory  
  20  2:03  SCV  
  20  2:06  Barracks Reactor  
  21  2:17  Supply Depot  
  21  2:20  Refinery  
  21  2:21  SCV  
  21  2:33  SCV  
  22  2:43  Marine x2, Factory Tech Lab  
  24  2:45  SCV  
  25  2:54  Starport  
  25  2:57  SCV  
  26  3:03  Marine x2  
  28  3:07  Cyclone  
  31  3:15  Orbital Command  
  31  3:19  SCV  
  32  3:23  Marine  
  33  3:31  SCV  
  33  3:32  Starport Tech Lab  
  33  3:34  Marine  
  34  3:40  Marine  
  35  3:43  SCV x2  
  35  3:47  Siege Tank  
  40  3:55  SCV x2  
  41  3:58  Supply Depot  
  41  3:59  Refinery  
  41  4:02  Banshee  
  45  4:05  Marine  
  46  4:15  Cloaking Field  
  46  4:17  Supply Depot  
  46  4:20  Marine, SCV x2  
  49  4:27  Marine  
  50  4:31  Siege Tank  
  50  4:32  SCV  
  50  4:36  Supply Depot  
  54  4:39  SCV, Supply Depot  
  54  4:40  Marine  
  56  4:47  Supply Depot, Banshee  
  56  4:49  SCV  
  56  4:50  Marine  
  61  4:53  SCV  
  62  5:01  SCV, Supply Depot  
  62  5:06  SCV  
  64  5:07  Siege Tank  
  64  5:12  Marine x2  
  64  5:13  SCV  
  70  5:17  Supply Depot  
  70  5:22  SCV  
  71  5:34  Marine x2  
  71  5:35  Raven  
  73  5:39  Command Center  
  73  5:40  SCV  
  73  5:41  SCV  
  69  5:52  SCV  
  69  5:53  SCV  
  66  6:00  Marine x2  
  61  6:04  SCV  
  61  6:05  SCV, Siege Tank  
  63  6:11  Barracks x2  
  63  6:12  Barracks  
  63  6:16  SCV, Refinery  
  63  6:17  SCV  
  65  6:19  Marine x2  
  67  6:26  Raven  
  67  6:28  SCV  
  67  6:31  SCV  
  68  6:40  SCV  
  68  6:43  SCV  
  68  6:46  Engineering Bay x2  
  70  6:47  Siege Tank  
  70  6:48  Marine x2  
  70  6:50  Barracks  
  70  6:52  SCV  
  76  6:58  SCV  
  76  7:00  Barracks Tech Lab x2  
  77  7:02  Orbital Command  
  77  7:06  SCV  
  77  7:08  Marine x2  
  79  7:10  SCV  
  80  7:17  Terran Infantry Weapons Level 1  
  80  7:18  SCV  
  80  7:19  Starport Reactor, Terran Infantry Armor Level 1  
  80  7:20  Stimpack  
  81  7:23  SCV  
  81  7:26  Combat Shield  
  81  7:27  Marauder  
  81  7:29  SCV  
  85  7:30  SCV  
  85  7:33  Marauder  
  85  7:34  Marauder  
  85  7:35  SCV  
  91  7:40  Marine x2  
  91  7:41  SCV, Barracks Reactor  
  94  7:44  Refinery  
  94  7:45  SCV  
  94  7:46  Refinery  
  94  7:49  Marauder  
  97  7:54  Supply Depot x2, Marauder  
  97  7:55  Siege Tank  
  102  8:00  Medivac x2  
  102  8:01  SCV x2  
  102  8:04  SCV  
  109  8:07  Supply Depot  
  109  8:10  Marine, Marauder  
  111  8:13  SCV x2  
  111  8:14  Supply Depot  
  111  8:16  Supply Depot  
  111  8:17  Armory  
  111  8:19  SCV, Marauder  
  116  8:24  Marauder  
  116  8:25  SCV  
  116  8:26  Concussive Shells  
  119  8:27  Marine x2  
  119  8:31  SCV, Marauder  
  124  8:35  Siege Tank  
  124  8:37  SCV  
  128  8:42  SCV  
  128  8:48  SCV  
  128  8:49  Marauder  
  128  8:51  Command Center  
  128  8:52  Marauder x2  
  128  8:55  Medivac x2  
  130  8:58  SCV  
  130  9:01  SCV x2  
  133  9:08  Marine  
  133  9:09  Marine  
  134  9:10  Marauder  
  134  9:11  Siege Tank  
  134  9:14  Marauder  
  134  9:15  Marine  
  134  9:16  SCV x2  
  144  9:20  Marine  
  144  9:21  Marauder  
  147  9:25  SCV  
  147  9:26  Marine  
  154  9:32  SCV  
Show
View Real Time Build Order
Export as new Build Order

ViBE Terran 

Build Orders: Reaper Expand, Mech 

Get SALT Encoding   

  12  0:00  SCV  
  13  0:13  SCV  
  14  0:19  Supply Depot  
  14  0:26  SCV  
  15  0:40  SCV  
  16  0:43  Barracks  
  16  0:46  Refinery  
  16  0:52  SCV  
  17  1:05  SCV  
  18  1:17  SCV  
  19  1:30  Reaper, Orbital Command  
  20  1:53  Command Center  
  20  2:09  Marine  
  20  2:10  SCV  
  20  2:12  Factory  
  20  2:14  Refinery  
  21  2:18  Supply Depot  
  21  2:23  SCV  
  22  2:34  Marine  
  22  2:36  SCV  
  23  2:49  SCV  
  24  2:53  Marine  
  24  2:57  Factory Tech Lab  
  25  2:58  Starport  
  25  3:02  SCV  
  25  3:03  Supply Depot  
  26  3:09  Orbital Command  
  26  3:16  SCV  
  26  3:21  Siege Tank  
  29  3:28  SCV  
  29  3:37  SCV  
  29  3:40  SCV  
  31  3:42  Viking  
  33  3:51  SCV  
  33  3:52  SCV  
  35  4:06  SCV  
  35  4:07  SCV  
  37  4:14  Command Center  
  37  4:15  Siege Tank  
  40  4:18  SCV  
  40  4:19  SCV  
  42  4:26  Supply Depot  
  42  4:28  Barracks Reactor  
  42  4:30  SCV  
  42  4:31  Viking  
  45  4:33  SCV  
  46  4:44  SCV  
  46  4:45  SCV  
  51  4:52  Siege Tank  
  51  4:56  SCV  
  51  4:57  SCV  
  53  5:00  Supply Depot  
  53  5:02  Refinery  
  53  5:03  Refinery  
  53  5:10  SCV x2  
  53  5:11  Factory  
  53  5:13  Viking  
  57  5:22  SCV x2  
  57  5:24  Viking  
  57  5:27  Orbital Command  
  61  5:32  Supply Depot  
  61  5:34  SCV x2  
  62  5:41  Engineering Bay  
  60  5:46  SCV x2  
  54  5:58  SCV x2  
  50  6:07  SCV  
  50  6:10  SCV  
  50  6:11  SCV  
  50  6:13  Siege Tank  
  50  6:14  Factory Reactor, Viking  
  55  6:19  SCV  
  55  6:23  SCV x2  
  58  6:27  Missile Turret  
  58  6:30  Missile Turret  
  58  6:31  SCV  
  56  6:35  SCV  
  56  6:38  SCV, Orbital Command  
  58  6:47  Factory  
  58  6:52  SCV x2  
  60  6:56  Sensor Tower  
  60  7:04  SCV x2  
  60  7:05  SCV, Siege Tank  
  60  7:06  Viking, Hellion x2  
  72  7:16  SCV x2  
  72  7:21  SCV  
  75  7:23  Missile Turret  
  75  7:28  SCV  
  76  7:34  Viking, Hellion x2  
  76  7:36  Viking  
  84  7:46  SCV  
  84  7:48  Factory Tech Lab  
  85  7:53  Command Center  
  85  7:55  Supply Depot  
  85  7:56  Supply Depot  
  85  7:58  SCV x2, Siege Tank  
  90  8:01  Supply Depot  
  90  8:02  Supply Depot  
  90  8:10  SCV x3  
  93  8:14  Refinery  
  93  8:15  Refinery  
  93  8:17  Siege Tank  
  96  8:22  Viking, Armory  
  96  8:23  Viking  
  100  8:28  SCV  
  100  8:29  SCV x2  
  100  8:30  Siege Tank  
  106  8:34  Supply Depot  
  106  8:35  Supply Depot  
  110  8:41  Hellion x2  
  90  9:05  Siege Tank x2  
  90  9:06  Hellion x2  
  100  9:14  Viking x2  
  104  9:18  SCV x2  
  106  9:28  Command Center  
Tags
 
Composition
Mech
Matchup
TvT
Race
Terran
Spawn Locations
Cross Positions
Add a new tag
Caveats
  • Supply blocks, unpowered buildings, or Contaminate may cause inaccurate times.
  • Supply counts are checked every 10 seconds.